EL
NORTHWEST ARKANSAS NATURALS @ CHATTANOOGA LOOKOUTS
05/01/2048
 
TOP OF THE 1ST
Northwest Arkansas Naturals batting - Pitching for Chattanooga Lookouts : RHP Regan Kalinski
Pitching: RHP Regan Kalinski
Batting: RHB Kasey Bland 0-0: Called Strike
0-1: Ball
1-1: Fly out, F4 (Popup, 4MS, EV 81.9 MPH)
Batting: RHB Edwin Ramos 0-0: Called Strike
0-1: Foul Ball, location: 2F
0-2: Foul Ball, location: 2F
0-2: Foul Ball, location: 2F
0-2: Ball
1-2: Ball
2-2: Strikes out swinging
Batting: LHB Joe Cozart 0-0: Called Strike
0-1: Foul Ball, location: 2F
0-2: Strikes out looking
Top of the 1st over - 0 runs, 0 hits, 0 errors, 0 left on base; Northwest Arkansas 0 - Chattanooga 0
BOTTOM OF THE 1ST
Chattanooga Lookouts batting - Pitching for Northwest Arkansas Naturals : RHP Brian Straub
Pitching: RHP Brian Straub
Batting: SHB Manny Molina 0-0: Called Strike
0-1: Foul Ball, location: 2F
0-2: Ball
1-2: Ball
2-2: Foul Ball, location: 2F
2-2: Fly out, F8 (Flyball, 8RXD, EV 108.1 MPH)
Batting: SHB Matt Urbani 0-0: Ball
1-0: Foul Ball, location: 2F
1-1: Ball
2-1: Swinging Strike
2-2: Ball
3-2: Strikes out swinging
Batting: LHB Marshall Daul 0-0: Foul Ball, location: 2F
0-1: Fly out, F6 (Popup, 6S, EV 83.8 MPH)
Bottom of the 1st over - 0 runs, 0 hits, 0 errors, 0 left on base; Northwest Arkansas 0 - Chattanooga 0
TOP OF THE 2ND
Northwest Arkansas Naturals batting - Pitching for Chattanooga Lookouts : RHP Regan Kalinski
Batting: LHB Josh Moore 0-0: Foul Ball, location: 2F
0-1: Foul Ball, location: 2F
0-2: Ball
1-2: Ball
2-2: Ball
3-2: Foul Ball, location: 2F
3-2: Foul Ball, location: 2F
3-2: Fly out, F9 (Flyball, 9D, EV 85.0 MPH)
Pitching: RHP Dan Post
Batting: RHB Kevin Allen 0-0: Called Strike
0-1: SINGLE (Line Drive, 56, EV 94.4 MPH)
Batting: RHB Eric Erickson 0-0: Ball
Kevin Allen is caught stealing 2nd base 2-4
1-0: Ball
2-0: Foul Ball, location: 2F
2-1: DOUBLE (Line Drive, 9LS, EV 100.6 MPH)
Batting: LHB Randy Stapleton 0-0: Foul Ball, location: 2F
0-1: Ball
1-1: Swinging Strike
1-2: Strikes out swinging
Top of the 2nd over - 0 runs, 2 hits, 0 errors, 1 left on base; Northwest Arkansas 0 - Chattanooga 0
BOTTOM OF THE 2ND
Chattanooga Lookouts batting - Pitching for Northwest Arkansas Naturals : RHP Brian Straub
Batting: RHB Leo Gonzalez 0-0: SINGLE (Line Drive, 8LS, EV 101.9 MPH)
Batting: LHB Israel Montoya 0-0: Ball
1-0: Ball
2-0: Foul Ball, location: 2F
2-1: Ball
3-1: Foul Ball, location: 2F
3-2: Strikes out swinging
Batting: RHB Michael McDonald 0-0: Called Strike
0-1: Foul Ball, location: 2F
0-2: Ball
1-2: Ball
2-2: Ball
3-2: SINGLE (Flyball, 34D, EV 91.2 MPH)
Leo Gonzalez to second
Batting: RHB John Dew 0-0: Foul Ball, location: 2F
0-1: Foul Ball, location: 2F
0-2: Ball
1-2: Foul Ball, location: 2F
1-2: Strikes out swinging
Batting: RHB Tim Carter 0-0: Ball
1-0: SINGLE (Groundball, 56S, EV 70.0 MPH) (infield hit)
Leo Gonzalez to third
Michael McDonald to second
Batting: RHB Jose Gracia 0-0: Called Strike
0-1: Swinging Strike
0-2: Ball
1-2: Foul Ball, location: 2F
1-2: Foul Ball, location: 2F
1-2: Ball
2-2: Strikes out swinging
Bottom of the 2nd over - 0 runs, 3 hits, 0 errors, 3 left on base; Northwest Arkansas 0 - Chattanooga 0
TOP OF THE 3RD
Northwest Arkansas Naturals batting - Pitching for Chattanooga Lookouts : RHP Dan Post
Batting: SHB Marcos Cortez 0-0: Called Strike
0-1: Called Strike
0-2: Foul Ball, location: 2F
0-2: Foul Ball, location: 2F
0-2: Foul Ball, location: 2F
0-2: Foul Ball, location: 2F
0-2: Foul Ball, location: 2F
0-2: Ball
1-2: Reached on error, E8 (Flyball, 8RM, EV 80.0 MPH)
Batting: SHB Danny Ballenger 0-0: Swinging Strike
0-1: Swinging Strike
0-2: Foul Ball, location: 2F
0-2: Ball
1-2: Strikes out looking
Batting: RHB Kasey Bland 0-0: Foul Ball, location: 2F
0-1: Called Strike
0-2: Ball
1-2: Ball
2-2: SINGLE (Groundball, 4S, EV 71.9 MPH) (infield hit)
Marcos Cortez to second
Batting: RHB Edwin Ramos 0-0: Ground out 4-3 (Groundball, 4MS, EV 70.6 MPH)
Marcos Cortez to third
Kasey Bland to second
Batting: LHB Joe Cozart 0-0: Called Strike
0-1: Called Strike
0-2: Ball
1-2: Ball
2-2: Strikes out swinging
Top of the 3rd over - 0 runs, 1 hit, 1 error, 2 left on base; Northwest Arkansas 0 - Chattanooga 0
BOTTOM OF THE 3RD
Chattanooga Lookouts batting - Pitching for Northwest Arkansas Naturals : RHP Brian Straub
Batting: SHB Manny Molina 0-0: Foul Ball, location: 2F
0-1: Ball
1-1: Ball
2-1: Swinging Strike
2-2: Ball
3-2: Base on Balls
Batting: SHB Matt Urbani 0-0: Ball
1-0: Ball
Manny Molina steals 2nd base
2-0: Foul Ball, location: 2F
2-1: Foul Ball, location: 2F
2-2: Ball
3-2: Ground out 6-3 (Groundball, 6M, EV 107.5 MPH)
Manny Molina to third
Batting: LHB Marshall Daul 0-0: Ball
1-0: Ball
2-0: Foul Ball, location: 2F
2-1: Ball
3-1: Foul Ball, location: 2F
3-2: Ground out 4-3 (Groundball, 4, EV 86.9 MPH)
Manny Molina scores
Batting: RHB Leo Gonzalez 0-0: Ball
1-0: Foul Ball, location: 2F
1-1: Foul Ball, location: 2F
1-2: Ball
2-2: Foul Ball, location: 2F
2-2: Ball
3-2: Foul Ball, location: 2F
3-2: SOLO HOME RUN (Flyball, 7D, EV 99.4 MPH), Distance : 389 ft
Batting: LHB Israel Montoya 0-0: Called Strike
0-1: Ball
1-1: Ball
2-1: TRIPLE (Groundball, 3L, EV 101.2 MPH)
Pitching: RHP Mike Tuck
Batting: RHB Michael McDonald 0-0: Ball
1-0: Ball
Wild Pitch!
Israel Montoya scores
2-0: Ball
3-0: Base on Balls
Batting: RHB John Dew 0-0: Foul Ball, location: 2F
0-1: Fly out, F5 (Line Drive, 5, EV 74.4 MPH)
Bottom of the 3rd over - 3 runs, 2 hits, 0 errors, 1 left on base; Northwest Arkansas 0 - Chattanooga 3
TOP OF THE 4TH
Northwest Arkansas Naturals batting - Pitching for Chattanooga Lookouts : RHP Dan Post
Batting: LHB Josh Moore 0-0: Foul Ball, location: 2F
0-1: Fly out, F9 (Flyball, 9, EV 81.2 MPH)
Batting: RHB Kevin Allen 0-0: Swinging Strike
0-1: Ball
1-1: Foul Ball, location: 2F
1-2: Reached on error, E6 (Groundball, 6M, EV 77.5 MPH)
Batting: RHB Eric Erickson 0-0: Ball
Kevin Allen steals 2nd, throwing error, E2
Kevin Allen to third
1-0: Swinging Strike
1-1: Foul Ball, location: 2F
1-2: Foul Ball, location: 2F
1-2: Strikes out swinging
Batting: LHB Randy Stapleton 0-0: Ground out 4-3 (Groundball, 4, EV 102.5 MPH)
Top of the 4th over - 0 runs, 0 hits, 2 errors, 1 left on base; Northwest Arkansas 0 - Chattanooga 3
BOTTOM OF THE 4TH
Chattanooga Lookouts batting - Pitching for Northwest Arkansas Naturals : RHP Mike Tuck
Batting: RHB Tim Carter 0-0: Called Strike
0-1: Ball
1-1: Ball
2-1: Ground out 5-3 (Groundball, 5, EV 93.1 MPH)
Batting: RHB Jose Gracia 0-0: Ball
1-0: Ground out 1-3 (Groundball, 25, EV 69.4 MPH)
Batting: SHB Manny Molina 0-0: Called Strike
0-1: Fly out, F8 (Flyball, 8RXD, EV 103.1 MPH)
Bottom of the 4th over - 0 runs, 0 hits, 0 errors, 0 left on base; Northwest Arkansas 0 - Chattanooga 3
TOP OF THE 5TH
Northwest Arkansas Naturals batting - Pitching for Chattanooga Lookouts : RHP Dan Post
Batting: SHB Marcos Cortez 0-0: Called Strike
0-1: Ball
1-1: Foul Ball, location: 2F
1-2: Strikes out swinging
Batting: SHB Danny Ballenger 0-0: Ball
1-0: Foul Ball, location: 2F
1-1: Ball
2-1: Called Strike
2-2: Strikes out swinging
Batting: RHB Kasey Bland 0-0: Called Strike
0-1: Ball
1-1: Ball
2-1: Swinging Strike
2-2: Foul Ball, location: 2F
2-2: Foul Ball, location: 2F
2-2: Foul Ball, location: 2F
2-2: Foul Ball, location: 2F
2-2: Ball
3-2: Base on Balls
Pitching: RHP Andy Symons
Batting: RHB Edwin Ramos 0-0: Ball
Kasey Bland is caught stealing 2nd base 2-4
Top of the 5th over - 0 runs, 0 hits, 0 errors, 0 left on base; Northwest Arkansas 0 - Chattanooga 3
BOTTOM OF THE 5TH
Chattanooga Lookouts batting - Pitching for Northwest Arkansas Naturals : RHP Mike Tuck
Batting: SHB Matt Urbani 0-0: Ball
1-0: Foul Ball, location: 2F
1-1: Ball
2-1: Swinging Strike
2-2: Strikes out swinging
Batting: LHB Marshall Daul 0-0: Foul Ball, location: 2F
0-1: Foul Ball, location: 2F
0-2: Ball
1-2: Ball
2-2: Ground out 3-1 (Groundball, 34, EV 91.2 MPH)
Pitching: RHP Justin Potts
Batting: RHB Leo Gonzalez 0-0: Foul Ball, location: 2F
0-1: Swinging Strike
0-2: Ball
1-2: Ball
2-2: Fly out, F9 (Flyball, 9LM, EV 98.8 MPH)
Bottom of the 5th over - 0 runs, 0 hits, 0 errors, 0 left on base; Northwest Arkansas 0 - Chattanooga 3
TOP OF THE 6TH
Northwest Arkansas Naturals batting - Pitching for Chattanooga Lookouts : RHP Andy Symons
Batting: RHB Edwin Ramos 0-0: Called Strike
0-1: Fly out, F9 (Flyball, 89S, EV 85.6 MPH)
Batting: LHB Joe Cozart 0-0: Called Strike
0-1: Called Strike
0-2: Ball
1-2: Ground out U3 (Groundball, 34, EV 105.6 MPH)
Batting: LHB Josh Moore 0-0: Ball
1-0: Swinging Strike
1-1: Swinging Strike
1-2: Ball
2-2: Strikes out swinging
Top of the 6th over - 0 runs, 0 hits, 0 errors, 0 left on base; Northwest Arkansas 0 - Chattanooga 3
BOTTOM OF THE 6TH
Chattanooga Lookouts batting - Pitching for Northwest Arkansas Naturals : RHP Justin Potts
Batting: LHB Israel Montoya 0-0: Ball
1-0: Called Strike
1-1: Swinging Strike
1-2: Foul Ball, location: 2F
1-2: Ball
2-2: DOUBLE (Groundball, 3L, EV 104.4 MPH)
Batting: RHB Michael McDonald 0-0: Ball
1-0: Fly out, F8 (Flyball, 8LXD, EV 98.8 MPH)
Runner from 2nd tags up, SAFE at 3rd, no throw by CF
Batting: RHB John Dew 0-0: Ball
Passed Ball!
Israel Montoya scores
1-0: Called Strike
1-1: Foul Ball, location: 2F
1-2: Strikes out swinging
Batting: RHB Tim Carter 0-0: Ball
1-0: Ground out 6-3 (Groundball, 6, EV 106.2 MPH)
Bottom of the 6th over - 1 run, 1 hit, 0 errors, 0 left on base; Northwest Arkansas 0 - Chattanooga 4
TOP OF THE 7TH
Northwest Arkansas Naturals batting - Pitching for Chattanooga Lookouts : RHP Andy Symons
Batting: RHB Kevin Allen 0-0: Ball
1-0: Foul Ball, location: 2F
1-1: Called Strike
1-2: Foul Ball, location: 2F
1-2: Hit by Pitch
Batting: RHB Eric Erickson 0-0: Bunted foul
0-1: Bunted foul
0-2: Grounds into double play, 6-4-3 (Groundball, 6, EV 106.9 MPH)
Batting: LHB Randy Stapleton 0-0: DOUBLE (Line Drive, 9LM, EV 111.9 MPH) - OUT at third base trying to stretch hit.
Top of the 7th over - 0 runs, 1 hit, 0 errors, 0 left on base; Northwest Arkansas 0 - Chattanooga 4
BOTTOM OF THE 7TH
Chattanooga Lookouts batting - Pitching for Northwest Arkansas Naturals : RHP Justin Potts
Pitching: RHP Junsuke Abe
Batting: RHB Jose Gracia 0-0: Called Strike
0-1: Ball
1-1: Ball
2-1: Ball
3-1: Base on Balls
Batting: SHB Manny Molina 0-0: Ball
1-0: Ball
2-0: Sac Bunt to 13 - play at first, batter OUT! 1-3
Jose Gracia to second
Batting: SHB Matt Urbani 0-0: Ball
1-0: Ball
2-0: Called Strike
2-1: Swinging Strike
2-2: Ball
3-2: SINGLE (Groundball, 6S, EV 64.4 MPH) (infield hit)
Jose Gracia to third
Batting: LHB Marshall Daul 0-0: Ball
1-0: Ball
2-0: Ball
3-0: Base on Balls
Matt Urbani to second
Pitching: RHP Kevin Tumbleson
Batting: RHB Leo Gonzalez 0-0: Ball
1-0: Swinging Strike
1-1: Swinging Strike
1-2: Ball
2-2: Foul Ball, location: 2F
2-2: Ball
3-2: Strikes out looking
Batting: LHB Israel Montoya 0-0: Foul Ball, location: 2F
0-1: Ball
1-1: Foul Ball, location: 2F
1-2: Ball
2-2: Ball
3-2: Base on Balls
Jose Gracia scores
Matt Urbani to third
Marshall Daul to second
Batting: RHB Michael McDonald 0-0: Ball
1-0: Called Strike
1-1: Swinging Strike
Passed Ball!
Matt Urbani scores
Marshall Daul to third
Israel Montoya to second
1-2: Foul Ball, location: 2F
1-2: DOUBLE (Groundball, 5L, EV 101.2 MPH)
Marshall Daul scores
Israel Montoya scores
Pitching: RHP Philip Terrell
Batting: RHB John Dew 0-0: Called Strike
0-1: Ground out U3 (Groundball, 3, EV 86.9 MPH)
Bottom of the 7th over - 4 runs, 2 hits, 0 errors, 1 left on base; Northwest Arkansas 0 - Chattanooga 8
TOP OF THE 8TH
Northwest Arkansas Naturals batting - Pitching for Chattanooga Lookouts : RHP Andy Symons
Batting: SHB Marcos Cortez 0-0: Ball
1-0: Ball
2-0: SINGLE (Line Drive, 78M, EV 90.6 MPH)
Batting: SHB Danny Ballenger 0-0: Swinging Strike
0-1: Foul Ball, location: 2F
0-2: Strikes out swinging
Batting: RHB Kasey Bland 0-0: Ball
1-0: Swinging Strike
1-1: Swinging Strike
1-2: Ball
2-2: Strikes out swinging
Batting: RHB Edwin Ramos 0-0: Ball
1-0: Foul Ball, location: 2F
1-1: Called Strike
1-2: Foul Ball, location: 2F
1-2: Ball
2-2: Ground out 1-3 (Groundball, 13S, EV 77.5 MPH)
Top of the 8th over - 0 runs, 1 hit, 0 errors, 1 left on base; Northwest Arkansas 0 - Chattanooga 8
BOTTOM OF THE 8TH
Chattanooga Lookouts batting - Pitching for Northwest Arkansas Naturals : RHP Philip Terrell
Batting: RHB Tim Carter 0-0: Ball
1-0: Called Strike
1-1: Foul Ball, location: 2F
1-2: SINGLE (Line Drive, 56D, EV 108.8 MPH)
Batting: RHB Jose Gracia 0-0: Fly out, F8 (Flyball, 8RD, EV 86.9 MPH)
Batting: SHB Manny Molina 0-0: Called Strike
0-1: Foul Ball, location: 2F
0-2: Ball
1-2: Reached on error, E4 (Groundball, 34D, EV 110.0 MPH)
Tim Carter to third
Batting: SHB Matt Urbani 0-0: Foul Ball, location: 2F
0-1: Foul Ball, location: 2F
0-2: Ball
1-2: Strikes out looking
Batting: LHB Marshall Daul 0-0: Swinging Strike
0-1: Called Strike
0-2: Ball
1-2: Strikes out looking
Bottom of the 8th over - 0 runs, 1 hit, 1 error, 2 left on base; Northwest Arkansas 0 - Chattanooga 8
TOP OF THE 9TH
Northwest Arkansas Naturals batting - Pitching for Chattanooga Lookouts : RHP Andy Symons
Batting: LHB Joe Cozart 0-0: Fly out, F8 (Flyball, 8RXD, EV 93.8 MPH)
Batting: LHB Josh Moore 0-0: Foul Ball, location: 2F
0-1: Ball
1-1: Foul Ball, location: 2F
1-2: Ground out 6-3 (Groundball, 6M, EV 102.5 MPH)
Batting: RHB Kevin Allen 0-0: Fly out, F8 (Flyball, 89D, EV 98.8 MPH)
Top of the 9th over - 0 runs, 0 hits, 0 errors, 0 left on base; Northwest Arkansas 0 - Chattanooga 8
Tuesday, March 28th , 2023 - OOTP Baseball 23.10 Build 110